 Dungeon Crawl Stone Soup version 0.31-a0-233-g139696dc86 (webtiles) character file.

Game seed: 9193290252840195289

79 qw the Shooter (level 4, -3/26 HPs)
             Began as a Gargoyle Hexslinger on July 9, 2023.
             Killed from afar by Sigmund (10 damage)
             ... with a puff of flame
             ... on level 2 of the Dungeon.
             The game lasted 00:00:32 (1103 turns).

qw the Shooter (Gargoyle Hexslinger)                Turns: 1103, Time: 00:00:33

Health: -3/26      AC: 10    Str: 11    XL:     4   Next: 38%
Magic:  5/5        EV: 10    Int: 14    God:
Gold:   57         SH:  0    Dex: 14    Spells: 4/5 levels left

rFire   . . .        Y - +2 sling
rCold   . . .        (no shield)
rNeg    + . .        f - +0 ring mail
rPois   inf          e - +0 helmet
rElec   +            (no cloak)
rCorr   .            h - +0 pair of gloves
SInv    .            (no boots)
Will    .....        (no amulet)
Stlth   +            (no ring)
HPRegen 0.24/turn    (no ring)
MPRegen 0.09/turn

%: no passive effects
@: about to teleport
A: sickness immunity, AC +3, negative energy resistance 1, electricity
resistance, torment resistance 1, petrification resistance
a: no special abilities


You were on level 2 of the Dungeon.
You visited 1 branch of the dungeon, and saw 2 of its levels.

You collected 57 gold pieces.


Innate Abilities, Weirdness & Mutations

You are immune to sickness and miasma.
Your stone body is resilient. (AC +3)
You are immune to poison.
You resist negative energy. (rN+)
You are resistant to electric shocks. (rElec)
You are resistant to unholy torment.
You are immune to petrification.


   Skills:
 - Level 2.3 Fighting
 + Level 3.7 Ranged Weapons
 - Level 1.2 Armour
 - Level 1.5 Dodging
 - Level 1.0 Spellcasting
 - Level 2.6 Hexes


You had 4 spell levels left.
You knew the following spells:

 Your Spells              Type           Power      Damage    Failure   Level
a - Slow                  Hex            32%        N/A       21%         1

Your spell library contained the following spells:

 Spells                   Type           Power      Damage    Failure   Level
 Inner Flame              Hex/Fire       4%         N/A       71%         3
 Portal Projectile        Hex/Tloc       8%         N/A       71%         3
 Cause Fear               Hex            4%         N/A       90%         4

Inventory:

Hand Weapons
 Y - a +2 sling (weapon)
Armour
 e - a +0 helmet (worn)
 f - a +0 ring mail (worn)
 h - a +0 pair of gloves (worn)
Scrolls
 a - a scroll of immolation {unknown}
 b - a scroll of revelation {unknown}
 d - a scroll of fog {unknown}

Dungeon Overview and Level Annotations

Branches:
Dungeon (2/15)

Altars:

Annotations:
D:2 Sigmund


Message History

You shoot a sling bullet. The sling bullet hits Robin.
Robin is almost dead.
The hobgoblin hits you but does no damage.
Robin closely misses you. The goblin hits you but does no damage.
The hobgoblin hits you. The goblin barely misses you.
Sigmund gestures wildly while chanting.
Sigmund flickers and vanishes!
Deactivating autopickup; reactivate with Ctrl-A.
Robin hits you but does no damage.
You shoot a sling bullet. The sling bullet closely misses Robin.
The hobgoblin hits you. Robin barely misses you.
The goblin hits you with a +0 dagger of venom.
You shoot a sling bullet. The sling bullet hits Robin.
You kill Robin!
The goblin no longer looks unusually strong.
The hobgoblin hits you but does no damage.
The goblin hits you but does no damage.
You shoot a sling bullet. The sling bullet hits the hobgoblin!
You kill the hobgoblin!
The goblin hits you but does no damage. The hobgoblin barely misses you.
The goblin hits you but does no damage.
You shoot a sling bullet. The sling bullet hits the hobgoblin!
You kill the hobgoblin!
The hobgoblin misses you. The goblin hits you but does no damage.
You shoot a sling bullet. The sling bullet hits the hobgoblin.
You kill the hobgoblin!
The goblin closely misses you.
You shoot a sling bullet. The sling bullet hits the goblin!
You kill the goblin!
The goblin hits you but does no damage. x2; Something hits you.
1102 ||| READING scroll of teleportation.
As you read the scroll of teleportation, it crumbles to dust.
You feel strangely unstable. The goblin closely misses you.
You shoot a sling bullet. The sling bullet hits the goblin.
You kill the goblin!
You hear some strange, mumbled words.
A puff of flame appears from out of thin air!
The puff of flame hits you!
You die...

..#
........##........
..... ..#
........##.........
#####
........##.........
........##.........
.
.........#.........
#.
########...........
.# ##..........
##)).......
#@).......
##)####... #{# .
... g....


gg.)... @.......# .......... .....?...... There were no monsters in sight!

Vanquished Creatures
  Robin (D:2)
  2 adders (D:2)
  A dart slug (D:1)
  A worm (D:2)
  2 ball pythons (D:1)
  A giant cockroach (D:1)
  10 goblins (D:2)
  5 hobgoblins
  6 jackals
  2 quokkas
  2 bats
  A frilled lizard (D:1)
  2 kobolds
  9 rats
45 creatures vanquished.

Notes
Turn   | Place    | Note
-------+----------+-------------------------------------------
     0 | D:1      | qw the Gargoyle Hexslinger began the quest for the Orb.
     0 | D:1      | Reached XP level 1. HP: 12/12 MP: 2/2
     0 | D:1      | 0 ||| qw: Version: 0.3-a-51-g015441d
     0 | D:1      | 0 ||| qw: Game counter: 4034
     0 | D:1      | 0 ||| qw: Melee chars always use a shield: true
     0 | D:1      | 0 ||| qw: God list: Okawaru
     0 | D:1      | 0 ||| qw: Allow faded altars: false
     0 | D:1      | 0 ||| qw: Do Orc after clearing Dungeon:15 true
     0 | D:1      | 0 ||| qw: Do second Lair branch before Depths: true
     0 | D:1      | 0 ||| qw: Lair rune preference: random
     0 | D:1      | 0 ||| qw: Goals: Normal
     0 | D:1      | 0 ||| PLANNING D:1-11
   237 | D:1      | Reached XP level 2. HP: 16/16 MP: 3/3
   581 | D:1      | Reached skill level 3 in Ranged Weapons
   721 | D:1      | 721 ||| UPGRADING to +0 helmet.
   726 | D:1      | 726 ||| UPGRADING to +0 ring mail.
   736 | D:1      | 736 ||| DROPPING +0 robe.
   737 | D:1      | 737 ||| UPGRADING to +0 pair of gloves.
   742 | D:1      | 742 ||| READING scroll labelled LIACLIKIDGH.
   743 | D:1      | 743 ||| READING scroll labelled ROKLUN PIPS.
   744 | D:1      | 744 ||| READING scroll labelled RIB WIOZIRRUA.
   745 | D:1      | 745 ||| READING scroll labelled QYARUA ENWALUZ.
   749 | D:1      | 749 ||| DROPPING scroll of poison.
   792 | D:2      | Reached XP level 3. HP: 21/21 MP: 4/4
   883 | D:2      | Reached skill level 1 in Armour
  1072 | D:2      | Noticed Robin
  1077 | D:2      | Noticed Sigmund
  1078 | D:2      | 1078 ||| Stepping ~*~*~tactically~*~*~ (outnumbered).
  1085 | D:2      | Reached XP level 4. HP: 21/26 MP: 5/5
  1097 | D:2      | Killed Robin
  1101 | D:2      | HP: 6/26 [something (6)]
  1102 | D:2      | 1102 ||| READING scroll of teleportation.
  1103 | D:2      | Killed from afar by Sigmund

Levels and vault maps discovered:
D:1:      co_arrival_two_rings, layout_basic, minmay_rat_gold_closets
D:2:      layout_basic, uniq_natasha, uniq_sigmund, uniq_robin

Skill      XL: |  1  2  3 |
---------------+----------+-----
Ranged Weapons | 3 |  3.7
Fighting       | 2 |  2.3
Armour         | 1 |  1.2
Dodging        | |  1.5
Spellcasting   | |  1.0
Hexes          | |  2.6

Action                     |  1- 3 |  4- 6 || total
---------------------------+-------+-------++-------
   Fire: Sling             |   123 |    18 ||   141
    Use: Scroll            |     4 |     1 ||     5
 Armour: Robe              |    10 |       ||    10
         Ring mail         |    15 |    24 ||    39
  Dodge: Dodged            |    59 |    30 ||    89

Table legend:
 A = Non-vault XP
 B = Vault XP
 C = Vault XP percentage of total XP
 D = Non-vault monster count
 E = Vault monster count
 F = Vault count percentage of total count
                 A         B        C        D         E       F
            +---------+---------+-------+---------+---------+-------
      Total |      70 |      46 |  39.7 |      25 |      20 |  44.4
            +---------+---------+-------+---------+---------+-------
        D:1 |      25 |       7 |  21.9 |      13 |       7 |  35.0
        D:2 |      45 |      39 |  46.4 |      12 |      13 |  52.0
            +---------+---------+-------+---------+---------+-------
